[Event "Early-Titled-Tuesday-Blitz-February-06-2024"]
[Site "Chess.com"]
[Date "2024.02.06"]
[Round "2"]
[White "ljm509"]
[Black "Happy1712Drummer"]
[Result "0-1"]
[WhiteElo "1968"]
[BlackElo "2414"]
[TimeControl "180+1"]
[EndTime "8:19:46 PST"]
[Termination "Happy1712Drummer won on time"]

1. e4 c5 2. Nf3 e6 3. d4 cxd4 4.
Nxd4 Nf6 5. Nc3 Nc6 6. Be3 Bb4 7. Nxc6 bxc6 8. Bd3 d5 9. e5 d4 10. Bd2 dxc3 11.
bxc3 Be7 12. exf6 Bxf6 13. O-O O-O 14. Qf3 Rb8 15. Rab1 Rxb1 16. Rxb1 Qd5 17. Qh3 g6 18. c4 Qe5 19. Be3 Qa5 20. Qf3 Qxa2 21. Rd1 Bg7 22.
Qxc6 Ba6 23. Bxa7 Rc8 24. Qd7 Bf6 25. Be3 Rd8 26. Qa7 Bxc4 27. Qxa2 Bxa2 28. h3 Rc8 29. Kf1 Kg7 30. Ke2 Bc4 31. Rc1 Be5 32. f4 Bd6 33. Bd4+ Kf8 34. g3 Ke7 35. Rb1 Rc7 36. Bxc4 Rxc4 37. Rb7+ Rc7 38. Rxc7+ Bxc7 39. Kd3 Kd7 40. c4 Kc6 41. Ke4 Bd6 42. g4 f5+ 43.
gxf5 exf5+ 44. Ke3 Bc7 45. Be5 Bb6+ 46. Kd3 Bg1 47. Bd4 Bh2 48. Be5 Bg3 49. Bb8 Bf2 50.
Be5 Bc5 51. Bd4 Bd6 52. Be5 Be7 53. Bb8 Kb7 54. Be5 Kc6 55. Kd4 Bc5+ 56. Kd3 h6 57.
Bg7 h5 58. Bf6 Bd6 59. Be5 Be7 60. Kd4 Bc5+ 61. Kd3 Be7 62. Bd4 Bd8 63. Be5 Bc7 64.
Bxc7 Kxc7 65. Kd4 Kd6 66. c5+ Kc6 67. Ke5 Kxc5 68. Kf6 Kd4 69. Kxg6 Ke4 70. Kg5 h4 71. Kxh4 Kxf4 72. Kh5 Kg3 73. Kg5 f4 74. h4 f3 75.
h5 f2 76. h6 f1=Q 77. Kg6 Qf8 78. Kh7 Qf7+ 79. Kh8 Qe8+ 80. Kh7 Qh5 81. Kg7 Qg5+ 82. Kh7 Qf6 0-1

[Event "Early-Titled-Tuesday-Blitz-February-06-2024"]
[Site "Chess.com"]
[Date "2024.02.06"]
[Round "2"]
[White "Zheenbekov86"]
[Black "lynette2015"]
[Result "0-1"]
[WhiteElo "2433"]
[BlackElo "2195"]
[TimeControl "180+1"]
[EndTime "8:19:50 PST"]
[Termination "lynette2015 won on time"]

1. Nf3 g6 2. d4 Bg7 3. c4 Nf6 4. Nc3 b6 5. g3 Bb7 6. Bg2 d5 7. Ne5 O-O 8. O-O c6 9. Qc2 Nbd7 10. Rd1 Rc8 11. Qa4 Qc7 12. Bf4 Nxe5 13. Bxe5 Qd7 14. Bxf6 Bxf6 15. cxd5 b5 16. dxc6 Bxc6 17. Bxc6 Qxc6 18.
Qxb5 Qxb5 19. Nxb5 Rb8 20. Nxa7 Rxb2 21. e3 Ra8 22.
Nc6 Ra6 23. Rdc1 Raxa2 24. Rxa2 Rxa2 25. h4 h5 26. Kg2 Kg7 27. Kf3 e6 28. Rb1 Ra6 29.
Rc1 Rb6 30. e4 Rb3+ 31. Kg2 Kh7 32. Rd1 Rb7 33. e5 Bg7 34. d5 exd5 35. Rxd5 Rc7 36. Rd6 Bf8 37. Rf6 Kg7 38. f4 Rd7 39. Kf3 Rd3+ 40.
Kf2 Bc5+ 41. Kg2 Rd2+ 42. Kf3 Rd3+ 43. Kg2 Be3 44. Kf1 Bc5 45. Ke2 Rxg3 46. Nd8 Rg4 47. Rxf7+ Kg8 48. Rf6 Be7 49. Re6 Bxd8 50. Re8+ Kf7 51.
Rxd8 Rxf4 52. Ke3 Rxh4 53. Rd6 g5 54. Rf6+ Ke7 55. Rg6 Rg4 56. Rh6 h4 57. Kd3 Rg3+ 58. Ke4 h3 59. Kf5 g4 60. Rh7+ Ke8 61. Ke6 Kf8 62.
Rh8+ Kg7 63. Rh4 Kg6 64. Ke7 Kg5 65. Rh8 Re3 66. e6 Kf4 67. Kf6 Kg3 68. e7 h2 69. Rh5 Rxe7 70. Kxe7 Kg2 71. Kf6 g3 72. Kf5 h1=Q 0-1

[Event "Early-Titled-Tuesday-Blitz-February-06-2024"]
[Site "Chess.com"]
[Date "2024.02.06"]
[Round "2"]
[White "SpongeBob_03"]
[Black "Paladin61"]
[Result "0-1"]
[WhiteElo "2200"]
[BlackElo "2680"]
[TimeControl "180+1"]
[EndTime "8:19:52 PST"]
[Termination "Paladin61 won by checkmate"]

1. e4 e6 2. d4 d5 3. Nc3 Nf6 4.
exd5 exd5 5. Bd3 Nc6 6. Nge2 Nb4 7. O-O c6 8. Re1 Be7 9. Nf4 Nxd3 10. Qxd3 O-O 11.
Bd2 Bd6 12. Nce2 Ne4 13. Be3 Qh4 14. f3 Nf6 15. g3 Qg5 16. Ne6 Qh5 17. Nxf8 Qxf3 18.
Nxh7 Nxh7 19. Rf1 Qh5 20. Nf4 Qg4 21. Qd1 Qd7 22. Nd3 f6 23. Qh5 Nf8 24. Rf2 Qh3 25.
Qxh3 Bxh3 26. Bf4 Be7 27. Be3 g5 28. Ne1 Ne6 29. Nd3 b6 30. c3 Re8 31. Re1 Bd8 32. Bd2 Bg4 33. Rfe2 Bxe2 34. Rxe2 Kf7 35. Nf2 Bc7 36.
Ng4 Bd8 37. Nh6+ Kg6 38. Ng4 Re7 39. Kf2 Nf8 40. Rxe7 Bxe7 41. Ne3 Bd6 42. b3 Ne6 43. Nc2 f5 44. c4 f4 45. gxf4 gxf4 46. Kf3 Kf5 47.
cxd5 Ng5+ 48. Kf2 cxd5 49. Bb4 Bc7 50. Ke2 f3+ 51. Kf2 Bxh2 52. Ne3+ Ke4 53. Nf1 Bf4 54. Nd2+ Bxd2 55. Bxd2 Ne6 56. Bc3 Nxd4 57. b4 Nb5 58. Bb2 d4 59. a3 Nd6 60. Bc1 d3 61. a4 Nc4 62. Ke1 Kd4 63. a5 b5 64. Bg5 a6 65.
Bf6+ Kd5 66. Bg5 Ke4 67. Bh6 d2+ 68. Bxd2 Nxd2 69. Kxd2 Kd4 70. Ke1 Kc4 71. Kf2 Kxb4 72. Kxf3 Kxa5 73. Ke3 Kb4 74. Kd2 Kb3 75. Kc1 Ka2 76.
Kc2 b4 77. Kd3 b3 78. Kd4 b2 79. Ke4 b1=Q+ 80. Ke5 Qb4 81. Kf5 Qd4 82. Ke6 Qc5 83. Kf7 a5 84. Kg6 Qe5 85. Kh7 Qf6 86. Kg8 Qe7 87. Kh8 Kb3 88. Kg8 Kc4 89. Kh8 Kd5 90.
Kg8 Ke4 91. Kh8 Kf5 92. Kg8 Kg6 93. Kh8 Qe8# 0-1

[Event "Early-Titled-Tuesday-Blitz-February-06-2024"]
[Site "Chess.com"]
[Date "2024.02.06"]
[Round "2"]
[White "Agibileg"]
[Black "FoggyMorning"]
[Result "1-0"]
[WhiteElo "2737"]
[BlackElo "2529"]
[TimeControl "180+1"]
[EndTime "8:19:54 PST"]
[Termination "Agibileg won on time"]

1. d4 Nf6 2. c4 e6 3. Nc3 Bb4 4. e3 d6 5. Bd3 Bxc3+ 6. bxc3 e5 7. Ne2 Nc6 8. O-O Bg4 9. f3 Bh5 10. Rb1 Rb8 11. e4 O-O 12. Bg5 Kh8 13. Ng3 Bg6 14. f4 h6 15. Bxf6 Qxf6 16. fxe5 Qe7 17. exd6 cxd6 18.
Nf5 Bxf5 19. Rxf5 Nd8 20. Qh5 Ne6 21. Rbf1 Kg8 22. Qg4 Rbc8 23. Rh5 Kh8 24. Qf5 g6 25.
Rxh6+ Kg7 26. Qh3 Ng5 27. Qh4 Rh8 28. Rxh8 Rxh8 29. Qg3 Nxe4 30. Re1 f5 31. Bxe4 fxe4 32. Qe3 Rc8 33. Qxe4 Qxe4 34. Rxe4 Rxc4 35. Re7+ Kf6 36. Rxb7 a5 37. Rb3 a4 38. Rb4 Rxc3 39. Rxa4 Kf5 40. h3 Ke4 41. Ra6 Kd5 42. Kh2 Rd3 43. Ra5+ Ke4 44. Rg5 Kxd4 45. Rxg6 d5 46. h4 Rd2 47.
h5 Rxa2 48. h6 Ra8 49. g4 Ke5 50. g5 Kf5 51. Rg7 d4 52. h7 Rh8 53. g6 d3 54. Rg8 d2 55. Rxh8 d1=Q 56. Rf8+ Kg4 57.
h8=Q Qe2+ 58. Kg1 Qe1+ 59. Kg2 Qg3+ 60. Kf1 Qd3+ 61. Ke1 Qe3+ 62. Kd1 Qd3+ 63. Kc1 Qc4+ 64. Kd2 Qd5+ 65. Kc3 Qc5+ 66. Kd3 Qb5+ 67. Ke4 Qc6+ 68. Kd4 Qd6+ 69. Kc4 Qc6+ 70. Kb3 Qb5+ 71. Kc2 Qa4+ 72. Kb1 Qe4+ 73. Kb2 Qb4+ 74. Kc1 Qe1+ 75. Kc2 Qe4+ 76.
Kb3 Qd5+ 77. Kb4 Qd6+ 78. Kb5 Qd7+ 79. Kc5 Qc7+ 80. Kd5 Qd7+ 81. Ke4 Qc6+ 82. Ke3 Qb6+ 83. Qd4+ 1-0

[Event "Early-Titled-Tuesday-Blitz-February-06-2024"]
[Site "Chess.com"]
[Date "2024.02.06"]
[Round "2"]
[White "Marcan2b"]
[Black "Mikhail_Golubev"]
[Result "1/2-1/2"]
[WhiteElo "3021"]
[BlackElo "2657"]
[TimeControl "180+1"]
[EndTime "8:19:56 PST"]
[Termination "Game drawn by stalemate"]

1. e4 c5 2. Nf3 d6 3. d4 cxd4 4.
Nxd4 Nf6 5. Nc3 g6 6. Bg5 Bg7 7.
Bb5+ Bd7 8. Qe2 a6 9. Bxd7+ Nbxd7 10. O-O-O Rc8 11. Kb1 O-O 12. Rhe1 Rxc3 13. bxc3 Qc7 14. Bd2 Nb6 15. f3 Nc4 16. Bc1 Nd7 17. e5 Bxe5 18. f4 Bf6 19. g4 Ndb6 20. g5 Na4 21. Qd3 Bg7 22. Rxe7 Qxe7 23. Qxc4 b5 24. Qc6 d5 25.
f5 gxf5 26. Nxf5 Qe2 27. Rd3 Re8 28. Nd6 Re6 29. Qd7 Rxd6 30. Qxd6 Nxc3+ 31. Rxc3 Bxc3 32. Qxd5 Qc4 33. Qd6 Qb4+ 34. Qxb4 Bxb4 35. Kb2 Bd6 36. h3 Kf8 37. c4 bxc4 38. Kc3 Ke7 39. Kxc4 Ke6 40. Kd4 Be7 41. h4 f6 42. Ke4 fxg5 43.
hxg5 Bd6 44. Bf4 Be7 45. a4 Bc5 46. Bg3 Bb6 47. Be1 Bc5 48. Kf4 Bd6+ 49. Kg4 Bc7 50. Kh5 Kf7 51. Bd2 Kg8 52. Kg4 Kf7 53. Kf5 Bd6 54. Bf4 Bb4 55. Ke5 Ke7 56. Kd5 Kd7 57.
Be5 Be7 58. Bf4 Ba3 59. Ke4 Ke6 60. Kd4 Be7 61. Ke4 Bd8 62. Bd2 Be7 63. Kd4 Bd6 64. Kc4 Be7 65. Kd4 Bd6 66. Ke4 Be7 67. Kf4 Bd6+ 68.
Kg4 Be7 69. Kh5 Kf7 70. Kh6 Kg8 71. g6 hxg6 72. Kxg6 Kf8 73. Kf5 Kf7 74. Ke5 Ba3 75. Kd5 Ke7 76. Kc6 Kd8 77. Kb7 Bb2 78. Bf4 a5 79.
Bc7+ Kd7 80. Bxa5 Be5 81. Bb4 Bc7 82. Bc5 Bd8 83. Bd4 Bc7 84. Bf2 Bd8 85. Bg3 Ba5 86.
Be5 Bd8 87. Bd4 Ba5 88. Bb6 Bxb6 89. Kxb6 Kc8 90. Ka7 Kc7 91. a5 Kc8 92. a6 Kc7 93.
Ka8 Kc8 94. a7 Kc7 1/2-1/2

[Event "Early-Titled-Tuesday-Blitz-February-06-2024"]
[Site "Chess.com"]
[Date "2024.02.06"]
[Round "2"]
[White "h4parah5"]
[Black "Yurovskykh_Oleksandr"]
[Result "1/2-1/2"]
[WhiteElo "2926"]
[BlackElo "2631"]
[TimeControl "180+1"]
[EndTime "8:20:03 PST"]
[Termination "Game drawn by repetition"]

1. Nf3 d5 2. b4 Bg4 3. Bb2 Bxf3 4.
exf3 e6 5. a3 Nf6 6. f4 g6 7.
Qe2 c6 8. g3 Bg7 9. Bg2 Nbd7 10.
O-O O-O 11. d3 Ne8 12. c4 Bxb2 13. Qxb2 Qf6 14. Nc3 Nd6 15. Qb3 Rfd8 16. Rfc1 Nf5 17. Ne2 Nd4 18. Nxd4 Qxd4 19. Qc3 Qxc3 20. Rxc3 a5 21. Rb1 axb4 22. axb4 Nf6 23. Bf3 Ra4 24.
Kg2 dxc4 25. dxc4 Rd4 26. Kf1 Ne4 27. Bxe4 Rxe4 28. Rd1 Rxb4 29. Rd7 Rexc4 30. Rxc4 Rxc4 31. Rxb7 h5 32. Ke2 h4 33. Kd3 Rc1 34. gxh4 Rh1 35.
Rc7 Rxh2 36. Ke3 Rh3+ 37. f3 Rxh4 38. Rxc6 Rh5 39. Ra6 Rf5 40. Ke4 Kg7 41. Ke3 Kh6 42. Ra8 Rb5 43. Rh8+ Kg7 44. Ra8 Rb7 45. Ra5 Rb4 46.
Rc5 Ra4 47. Rb5 Ra1 48. Rc5 Rh1 49. Rb5 Rh5 50. Rb8 Rd5 51. Rb7 Kf8 52. Ra7 Ke8 53. Rb7 Rd7 54. Rb8+ Ke7 55. Ke4 Ra7 56. Rb4 Ra3 57. Rb7+ Kf6 58. Rc7 Kg7 59. Rb7 Rc3 60.
Ra7 Rc4+ 61. Ke3 Kf6 62. Rb7 Rc5 63. Ra7 Rf5 64. Rb7 Kg7 65. Ra7 Rd5 66. Rb7 Kf8 67. Ra7 Ke8 68. Rb7 Rd7 69. Rb8+ Ke7 70. Ra8 Rb7 71. Ra3 Kf6 72. Rc3 Rb1 73. Rc7 Re1+ 74. Kf2 Rh1 75. Ke3 Rh7 76. Ra7 g5 77. fxg5+ Kxg5 78. Ra5+ Kf6 79. Rb5 Rh4 80. Ra5 e5 81. Ra7 Ke6 82. Rb7 f6 83. Rb6+ Kf5 84. Ra6 Rb4 85. Rc6 Rb3+ 86. Kf2 Kg5 87. Re6 Rb5 88. Kg3 f5 89. Rxe5 Rxe5 90. f4+ Kf6 91. fxe5+ Kxe5 92. Kf3 f4 93. Kf2 Ke4 94. Ke2 f3+ 95.
Kf2 Kf4 96. Kf1 Kg4 97. Kf2 Kf4 98. Kf1 Kf5 99. Kf2 Ke4 100. Kf1 Ke3 101. Ke1 Kf4 102. Kf2 Kg4 103. Kf1 Kh3 104. Kf2 Kg4 105. Kf1 Kg3 106. Kg1 Kf4 107. Kf2 Ke4 108. Kf1 Kd3 109. Kf2 Ke4 1/2-1/2

[Event "Early-Titled-Tuesday-Blitz-February-06-2024"]
[Site "Chess.com"]
[Date "2024.02.06"]
[Round "2"]
[White "vi_pranav"]
[Black "Dacean99"]
[Result "1-0"]
[WhiteElo "3051"]
[BlackElo "2653"]
[TimeControl "180+1"]
[EndTime "8:20:09 PST"]
[Termination "vi_pranav won by checkmate"]

1. e4 c5 2. Nf3 d6 3. Bb5+ Nd7 4. c4 g6 5. Nc3 Bg7 6. O-O Nf6 7. d4 cxd4 8. Nxd4 O-O 9. Bxd7 Bxd7 10. Qd3 Rc8 11. b3 a6 12. a4 Qa5 13. h3 b5 14. Be3 bxc4 15. bxc4 Qc7 16. Nd5 Nxd5 17. cxd5 Qc4 18. Qd1 e6 19. dxe6 fxe6 20. a5 d5 21. Rc1 Qa2 22.
Ra1 Qc4 23. Rc1 Qa2 24. exd5 Qxd5 25. Nf3 Bb5 26. Re1 Bb2 27. Rxc8 Rxc8 28. Qb1 Bg7 29.
Rd1 Qf5 30. Qa2 Bc4 31. Qd2 Bd5 32. Nd4 Qe4 33. f3 Qe5 34. Ne2 h5 35. Bd4 Qf5 36.
Bxg7 Kxg7 37. Nd4 Qf6 38. Ne2 Rc5 39. Qe3 Rb5 40. Qa7+ Qf7 41. Qxa6 Bc4 42. Nc3 Rc5 43.
Qd6 Rxa5 44. Qd4+ e5 45. Qb6 Ra3 46. Ne4 Qf8 47. Rd7+ Kh6 48. Qb2 Re3 49. Qd2 Qf4 50. h4 Rxe4 51. fxe4 Qxd2 52. Rxd2 g5 53. g3 gxh4 54.
gxh4 Kg6 55. Kf2 Kf6 56. Ke3 Be6 57. Rd6 Ke7 58. Ra6 Kf6 59. Ra5 Bg4 60. Kd3 Be6 61. Kc3 Bg4 62. Kc4 Be6+ 63. Kc5 Ke7 64. Ra7+ Kf6 65. Kd6 Bg4 66. Re7 Bf3 67. Rxe5 Kg6 68. Kd5 Bg4 69. Kd4 Kf6 70. Rg5 Bf3 71. Ke3 Bg4 72. Kf4 Be2 73. e5+ Ke6 74. Rg6+ Kf7 75. Rf6+ Ke7 76. Kg5 Kd7 77. Rh6 Ke7 78. Rxh5 Ke6 79.
Rh8 Bd3 80. Kf4 Kf7 81. Rh6 Kg7 82. Rf6 Bg6 83. Kg5 Bf7 84. h5 Bg8 85. h6+ Kh8 86.
e6 Kh7 87. e7 Kh8 88. e8=Q Kh7 89. Rg6 Kh8 90. Qxg8# 1-0

[Event "Early-Titled-Tuesday-Blitz-February-06-2024"]
[Site "Chess.com"]
[Date "2024.02.06"]
[Round "2"]
[White "andrzej"]
[Black "LeoWin2012"]
[Result "1/2-1/2"]
[WhiteElo "2434"]
[BlackElo "2176"]
[TimeControl "180+1"]
[EndTime "8:20:11 PST"]
[Termination "Game drawn by repetition"]

1. e4 e5 2. Nf3 Nf6 3. Nxe5 d6 4.
Nf3 Nxe4 5. d4 d5 6. Bd3 Bf5 7. O-O Bd6 8. Re1 O-O 9. c4 c6 10.
Nc3 Nxc3 11. bxc3 Bxd3 12. Qxd3 dxc4 13. Qxc4 Nd7 14. Bg5 Qc7 15. a4 Rfe8 16. Bh4 Nb6 17. Qb3 c5 18. a5 Nd7 19. Reb1 Rab8 20. Bg3 Bxg3 21. hxg3 cxd4 22. cxd4 Nf6 23. Ne5 Re6 24. Rc1 Qe7 25. a6 Rb6 26. Qc4 Ne8 27. Qd5 bxa6 28.
Nc6 Qb7 29. Qe4 Nf6 30. Qf3 Re8 31. d5 h6 32. Rd1 Nxd5 33. Qxd5 Qxc6 34. Qd4 Qf6 35.
Qa4 Qc6 36. Qa2 Qe6 37. Qd2 Qc6 38. Re1 Rxe1+ 39. Rxe1 Rb8 40. Qe3 Rc8 41. Qxa7 Rc7 42. Qb8+ Rc8 43. Qb1 Qb5 44. Qa2 a5 45. g4 a4 46. Ra1 Qb3 47. Qxa4 Qxa4 48. Rxa4 Rc1+ 49. Kh2 g5 50. Ra5 Rc3 51. Rf5 Kg7 52. f3 Rc2 53.
Kg3 Kg6 54. Ra5 f6 55. Ra8 Rc3 56. Ra7 Rc2 57. Re7 h5 58. gxh5+ Kxh5 59. Rg7 Kh6 60.
Rg8 Kh7 61. Ra8 Kg6 62. Ra3 Rc4 63. Ra6 Rc2 64. Kh3 Rc4 65. Kh2 Rc2 66. Kg1 Rc1+ 67. Kf2 Rc2+ 68. Kg3 Rc1 69. Ra8 Rc2 70. Rg8+ Kf7 71.
Rh8 Kg7 72. Rd8 Kg6 73. Rd3 Rc1 74. Rd2 Rc3 75. Ra2 Rc1 76. Kf2 Rc3 77. Ke2 Rc1 78. Rd2 Rc3 79. Kf2 Rc1 80. g3 Rc3 81. Ra2 Rc1 82.
Ra3 Rc2+ 83. Ke3 Rg2 84. g4 Rc2 85. Ra8 Rc3+ 86. Ke4 Rc4+ 87. Kd3 Rf4 88. Ke3 Rb4 89. Ra3 Rc4 90. Kf2 Rb4 91. Kg3 Rb1 92. Ra8 Rg1+ 93. Kf2 Rb1 94. Ra4 Rb2+ 95. Kg3 Rb3 96. Rd4 Rb1 97. f4 gxf4+ 98. Kxf4 Rf1+ 99. Kg3 Rg1+ 100. Kf3 Rf1+ 101. Kg2 Rb1 102. Ra4 Rb2+ 103. Kg3 Rb3+ 104. Kg2 Rb2+ 105. Kg3 Rb3+ 106. Kh2 Rb2+ 107. Kh3 Rb3+ 108. Kg2 Rb2+ 1/2-1/2

[Event "Early-Titled-Tuesday-Blitz-February-06-2024"]
[Site "Chess.com"]
[Date "2024.02.06"]
[Round "2"]
[White "FM_VS99"]
[Black "WhiteKnight2612"]
[Result "1-0"]
[WhiteElo "2615"]
[BlackElo "2859"]
[TimeControl "180+1"]
[EndTime "8:20:21 PST"]
[Termination "FM_VS99 won by resignation"]

1. d4 d5 2. Nf3 Nf6 3. g3 c6 4.
Bg2 Bf5 5. O-O h6 6. c4 e6 7. Nc3 Nbd7 8. Nd2 Bh7 9. e4 dxe4 10.
Ndxe4 Be7 11. Be3 O-O 12. h3 Nxe4 13. Nxe4 Nf6 14. Nc3 Qc7 15. a3 Rfd8 16. Qe2 e5 17.
d5 cxd5 18. Nxd5 Nxd5 19. Bxd5 Rac8 20. Qg4 Kf8 21. b4 b5 22. Rac1 Qd7 23. Qf3 Bg6 24. h4 bxc4 25. Rxc4 e4 26. Bxe4 Rxc4 27. Bxg6 Bf6 28.
Bb1 Kg8 29. Bxh6 Rc3 30. Be3 Rxa3 31. h5 Qd5 32. Qg4 Qe6 33. Bf5 Qe5 34. Bf4 Qd4 35. Bb1 Qxb4 36. h6 Ra1 37. Qf5 Qa5 38. Qh7+ Kf8 39. hxg7+ Bxg7 40. Qc2 Qd5 41. Qc7 Re8 42. Bd6+ Kg8 43. Bf4 Be5 44. Qc2 Bg7 45. Qh7+ Kf8 46. Bh6 Qe5 47. Qh8+ Ke7 48. Qxg7 Qxg7 49. Bxg7 Ra6 50.
Bd4 Re6 51. Be3 Rb8 52. Bf5 Rc6 53. Bxa7 Rb4 54. Be3 Kf6 55. Bh3 Ke5 56. Bg2 Rc2 57. Rd1 Rcb2 58. Bf3 Rb1 59. Kg2 Rxd1 60. Bxd1 Kf6 61.
Bf3 Kg7 62. g4 f6 63. Bd5 Rb5 64. Be6 Re5 65. Bf5 Re8 66. Kg3 Rb8 67. Kf4 Rb4+ 68.
Be4 Rb5 69. Bd4 Rb4 70. Ke3 Rb3+ 71. Bd3 Kf7 72. f4 Rb4 73. Bc3 Ra4 74. Bd4 Rb4 75.
Ke4 Ra4 76. Bc2 Rb4 77. Kd3 Rb7 78. f5 Rb5 79. Kc4 Ra5 80. Bb3 Kg7 81. Bc2 Ra2 82.
Kd3 Ra3+ 83. Bc3 Kf7 84. Kd4 Ra4+ 85. Bxa4 1-0

[Event "Early-Titled-Tuesday-Blitz-February-06-2024"]
[Site "Chess.com"]
[Date "2024.02.06"]
[Round "3"]
[White "MF_Malo"]
[Black "Smiechu"]
[Result "0-1"]
[WhiteElo "2195"]
[BlackElo "2424"]
[TimeControl "180+1"]
[EndTime "8:21:45 PST"]
[Termination "Smiechu won by resignation"]

1. d4 Nf6 2. Bf4 c5 3. d5 e6 4. c4 exd5 5. cxd5 d6 6. Nc3 g6 7.
e4 Bg7 8. Be2 O-O 9. Nf3 Re8 10.
O-O Nxe4 11. Nxe4 Rxe4 12. Qc2 Rxf4 0-1

[Event "Early-Titled-Tuesday-Blitz-February-06-2024"]
[Site "Chess.com"]
[Date "2024.02.06"]
[Round "3"]
[White "yosephtaher"]
[Black "NovozhilovSemen"]
[Result "1-0"]
[WhiteElo "2891"]
[BlackElo "2681"]
[TimeControl "180+1"]
[EndTime "8:23:04 PST"]
[Termination "yosephtaher won by resignation"]

1. d4 Nf6 2. Nc3 e6 3. e4 d5 4.
e5 Nfd7 5. f4 c5 6. Nce2 cxd4 7.
Nxd4 Nc6 8. Ngf3 Bc5 9. c3 O-O 10. Bd3 a5 11. Bxh7+ Kxh7 12. Ng5+ Kg6 13. Qd3+ f5 14. Qg3 Nxd4 15. Nxe6+ Kh5 16. Nxd8 1-0

[Event "Early-Titled-Tuesday-Blitz-February-06-2024"]
[Site "Chess.com"]
[Date "2024.02.06"]
[Round "3"]
[White "JiiHart"]
[Black "AlexandraSamaganova"]
[Result "1-0"]
[WhiteElo "2156"]
[BlackElo "2373"]
[TimeControl "180+1"]
[EndTime "8:23:22 PST"]
[Termination "JiiHart won by resignation"]

1. e4 c5 2. c3 Nf6 3. e5 Nd5 4. d4 cxd4 5. Nf3 Nc6 6. cxd4 d6 7. Nc3 Nxc3 8. bxc3 dxe5 9. d5 Na5 10. Bb5+ Bd7 11.
Qa4 b6 12. Nxe5 e6 13. dxe6 fxe6 14. Bxd7+ Ke7 15. Bg5+ 1-0

[Event "Early-Titled-Tuesday-Blitz-February-06-2024"]
[Site "Chess.com"]
[Date "2024.02.06"]
[Round "3"]
[White "Iskusnyh"]
[Black "Jojo_898"]
[Result "1-0"]
[WhiteElo "2661"]
[BlackElo "2445"]
[TimeControl "180+1"]
[EndTime "8:23:27 PST"]
[Termination "Iskusnyh won by resignation"]

1. d4 b6 2. c4 Bb7 3. Nc3 Nf6 4. Qc2 e6 5. e4 Bb4 6. Bd3 O-O 7. Ne2 d5 8. cxd5 exd5 9. e5 Ne4 10. O-O Nxc3 11. bxc3 Be7 12. Bxh7+ Kh8 13. Bf5 g6 14. Bh3 Kg7 15.
g3 c5 16. Nf4 Nc6 17. Be3 Rc8 18. Bxc8 Bxc8 19. Rad1 Bf5 20. Qa4 Qd7 21. dxc5 1-0

[Event "Early-Titled-Tuesday-Blitz-February-06-2024"]
[Site "Chess.com"]
[Date "2024.02.06"]
[Round "3"]
[White "Real_taiatai"]
[Black "The_Machine04"]
[Result "0-1"]
[WhiteElo "2470"]
[BlackElo "2699"]
[TimeControl "180+1"]
[EndTime "8:23:49 PST"]
[Termination "The_Machine04 won by resignation"]

1. d4 d6 2. e4 Nf6 3. Nc3 e5 4. Nf3 Nbd7 5. Bc4 Be7 6. a4 c6 7. O-O h6 8. Re1 Qc7 9. Bf1 Nf8 10. h3 g5 11. dxe5 dxe5 12. Nd2 Ng6 13. Nc4 g4 14. hxg4 Bxg4 15. f3 Be6 16. b3 h5 17. Ba3 h4 18.
Bxe7 Kxe7 19. Qd2 Nf4 20. Rad1 Rad8 21. Qe3 b6 22. a5 Bxc4 23. Bxc4 Rdg8 24. b4 Rxg2+ 25.
Kf1 N6h5 26. Ne2 Ng3+ 27. Nxg3 hxg3 0-1

[Event "Early-Titled-Tuesday-Blitz-February-06-2024"]
[Site "Chess.com"]
[Date "2024.02.06"]
[Round "3"]
[White "Iball95"]
[Black "kecalk"]
[Result "1-0"]
[WhiteElo "2916"]
[BlackElo "2506"]
[TimeControl "180+1"]
[EndTime "8:23:50 PST"]
[Termination "Iball95 won by resignation"]

1. e4 e5 2. Nf3 Nc6 3. Nc3 Nf6 4. Bb5 Bb4 5. Nd5 Bc5 6. O-O O-O 7. d4 Nxd4 8. Nxd4 exd4 9. Bg5 Be7 10. Nxe7+ Qxe7 11. Qxd4 h6 12. Bh4 g5 13. e5 Nh5 14. Bg3 Nxg3 15.
fxg3 d6 16. Rae1 dxe5 17. Rxe5 Be6 18. Bd3 Kg7 19. Rxe6+ 1-0

[Event "Early-Titled-Tuesday-Blitz-February-06-2024"]
[Site "Chess.com"]
[Date "2024.02.06"]
[Round "3"]
[White "BardArtem"]
[Black "MIJUAREZ"]
[Result "0-1"]
[WhiteElo "2771"]
[BlackElo "2517"]
[TimeControl "180+1"]
[EndTime "8:23:56 PST"]
[Termination "MIJUAREZ won by resignation"]

1. e4 Nc6 2. Nf3 d5 3. exd5 Qxd5 4. Nc3 Qd6 5. d4 Nf6 6. Nb5 Qd7 7. d5 Nb4 8. c4 c6 9. Nc3 e5 10. a3 e4 11. axb4 exf3 12. Qxf3 Bxb4 13. dxc6 Qxc6 14. Qxc6+ bxc6 15. Bd2 O-O 16. O-O-O Ng4 17. Be1 Bxc3 18. bxc3 Rb8 19. h3 Bf5 20. Bd3 Bxd3 21. Rxd3 Ne5 22. Rd4 c5 23. Rd5 Nxc4 24. Rxc5 Na3 25. f4 Rfd8 0-1

[Event "Early-Titled-Tuesday-Blitz-February-06-2024"]
[Site "Chess.com"]
[Date "2024.02.06"]
[Round "3"]
[White "bazar-wokzal"]
[Black "RamonManon0g"]
[Result "1-0"]
[WhiteElo "2595"]
[BlackElo "2408"]
[TimeControl "180+1"]
[EndTime "8:24:05 PST"]
[Termination "bazar-wokzal won by resignation"]

1. e4 c5 2. c3 Nf6 3. e5 Nd5 4. d4 cxd4 5. cxd4 e6 6. Nc3 Nxc3 7. bxc3 d6 8. f4 dxe5 9. fxe5 Qh4+ 10. Ke2 b6 11.
Nf3 Ba6+ 12. Ke3 Qg4 13. Bxa6 Nd7 14. Bb5 Rd8 15. Kf2 Be7 16. Bd3 O-O 17. h3 Bh4+ 18.
Kg1 Qh5 19. g4 1-0

[Event "Early-Titled-Tuesday-Blitz-February-06-2024"]
[Site "Chess.com"]
[Date "2024.02.06"]
[Round "3"]
[White "HelvertHernandez"]
[Black "casparov00000"]
[Result "0-1"]
[WhiteElo "1923"]
[BlackElo "2319"]
[TimeControl "180+1"]
[EndTime "8:24:12 PST"]
[Termination "casparov00000 won by resignation"]

1. e4 Nf6 2. e5 Nd5 3. d4 d6 4. c4 Nb6 5. exd6 exd6 6. Nf3 Be7 7.
Nc3 Bg4 8. Be3 Bf6 9. Bd3 Nc6 10. Bc2 Nxc4 11. O-O d5 12. Qd3 Bxf3 13. gxf3 Ne7 14. Bf4 c6 15. Rfe1 Qd7 16. b3 Nd6 17. Na4 b6 18. Rac1 g6 19. Be5 Bxe5 20. dxe5 Ndf5 21. Bb1 Nh4 22. e6 fxe6 23. Qd4 Nxf3+ 0-1

[Event "Early-Titled-Tuesday-Blitz-February-06-2024"]
[Site "Chess.com"]
[Date "2024.02.06"]
[Round "3"]
[White "Lennis93"]
[Black "Iunusovnuriddin"]
[Result "1-0"]
[WhiteElo "2687"]
[BlackElo "2299"]
[TimeControl "180+1"]
[EndTime "8:24:15 PST"]
[Termination "Lennis93 won by resignation"]

1. d4 Nf6 2. c4 g6 3. Nc3 Bg7 4. e4 d6 5. Nf3 O-O 6. h3 e5 7. d5 c6 8. Be3 cxd5 9. cxd5 a6 10. a4 b6 11. Be2 Bb7 12. O-O Nbd7 13. Nd2 Rc8 14.
Rc1 Ne8 15. b4 f5 16. f3 f4 17. Bf2 Bf6 18. Qe1 Rc7 19. Na2 Qc8 20. Rxc7 Qxc7 21.
Nc4 Ng7 22. Qd2 Nh5 23. Rc1 Qd8 24. Nxd6 1-0

[Event "Early-Titled-Tuesday-Blitz-February-06-2024"]
[Site "Chess.com"]
[Date "2024.02.06"]
[Round "3"]
[White "IMRosen"]
[Black "chito89"]
[Result "1-0"]
[WhiteElo "2701"]
[BlackElo "2882"]
[TimeControl "180+1"]
[EndTime "8:24:20 PST"]
[Termination "IMRosen won by resignation"]

1. d4 g6 2. e4 Bg7 3. Bc4 c6 4. Nc3 d5 5. exd5 b5 6. Bb3 b4 7. Nce2 cxd5 8. Nf3 Nf6 9. O-O O-O 10. h3 a5 11. c3 bxc3 12. bxc3 Ba6 13. Re1 Bxe2 14. Qxe2 e6 15. Bf4 Nbd7 16. Rac1 a4 17. Bc2 Qa5 18. Bd3 Rfc8 19. Bd2 Qa7 20. Rb1 Nb6 21. Ne5 Nfd7 22. Nxf7 Kxf7 23. Qxe6+ Kf8 24.
c4 Bxd4 25. Bh6+ 1-0

[Event "Early-Titled-Tuesday-Blitz-February-06-2024"]
[Site "Chess.com"]
[Date "2024.02.06"]
[Round "3"]
[White "rikchessmx"]
[Black "winniethepooh04"]
[Result "0-1"]
[WhiteElo "2312"]
[BlackElo "2508"]
[TimeControl "180+1"]
[EndTime "8:24:25 PST"]
[Termination "winniethepooh04 won by resignation"]

1. e4 e6 2. d4 d5 3. Nc3 dxe4 4. Nxe4 Nd7 5. Nf3 Ngf6 6. Ng3 c5 7. Bd3 cxd4 8. Nxd4 Be7 9. O-O O-O 10. Nf3 b6 11.
b3 Bb7 12. Bb2 Nc5 13. Be2 Qxd1 14. Raxd1 Rfd8 15. Ne5 Rxd1 16. Rxd1 Rd8 17. Rxd8+ Bxd8 18. f3 Ncd7 19. c4 Nxe5 20. Bxe5 Nd7 21. Bd6 f6 22. Bd3 Kf7 23. Kf2 g6 24. Ne4 Be7 25. Ke2 Bxe4 26. Bxe7 Bxd3+ 27. Kxd3 Kxe7 28. b4 Kd6 29. a4 e5 30. g4 f5 31. h3 Nf6 32. Ke3 h5 33.
gxh5 gxh5 34. h4 a5 35. c5+ Kc6 36. cxb6 Kxb6 37. bxa5+ Kxa5 38. f4 e4 39. Kd4 Ng4 0-1

[Event "Early-Titled-Tuesday-Blitz-February-06-2024"]
[Site "Chess.com"]
[Date "2024.02.06"]
[Round "3"]
[White "chucksterf10"]
[Black "CADMartin"]
[Result "1-0"]
[WhiteElo "2650"]
[BlackElo "2431"]
[TimeControl "180+1"]
[EndTime "8:24:26 PST"]
[Termination "chucksterf10 won by resignation"]

1. h3 b6 2. d4 Bb7 3. c4 Nf6 4. Nc3 e6 5. Qc2 c5 6. dxc5 bxc5 7. e4 d5 8. cxd5 exd5 9. Bb5+ Nbd7 10.
e5 Qe7 11. Nf3 Ne4 12. O-O Nxc3 13. bxc3 g6 14. Bg5 Qe6 15. Rab1 Bc6 16. Qa4 Bxb5 17. Rxb5 Bg7 18. Rb7 h6 19. Bf6 Bxf6 20. exf6 Kd8 21.
Re1 Qd6 22. Re7 Nb6 23. Ne5 Qxe5 24. Rbd7+ 1-0